 Dungeon Crawl Stone Soup version 0.32-a0-933-ga8fa3634e4 (webtiles) character file.

Game seed: 17483028042319935501

11288 hattop the Mimic (level 11, -7/99 HPs)
             Began as a White Draconian Shapeshifter on Apr 14, 2024.
             Was the Champion of Ru.
             Mangled by a great orb of eyes simulacrum (23 damage)
             ... in an ice cave.
             The game lasted 00:20:16 (11504 turns).

hattop the Mimic (White Draconian Shapeshifter)    Turns: 11504, Time: 00:20:17

Health: -7/99      AC: 10    Str: 22    XL:     11   Next: 47%
Magic:  0/11       EV: 23    Int: 10    God:    Ru [******]
Gold:   675        SH:  0    Dex: 12    Spells: 10/10 levels left

rFire   x .          .
                       - Unarmed
rCold   . . .        (shield currently unavailable)
rNeg    . . .        (body armour unavailable)
rPois   .            (helmet restricted)
rElec   .            D - +0 cloak
rCorr   +            F - +0 pair of gloves
SInv    .            g - +0 pair of boots {Stlth+}
Will    +....        C - amulet "Aqeg" {Spirit rCorr Str+2}
Stlth   +            i - +5 ring of evasion
HPRegen 0.36/turn    E - ring of willpower
MPRegen 0.12/turn

%: guardian spirit
@: flux-form, slowed, glowing, very slow
A: glow, contaminating, glacial breath, AC +7, unfitting armour, cold resistance
1, cold-blooded, inability to drink after injury 2, hated by all, no
conjurations magic, no ice magic, no alchemy magic, temperature sensitive
a: Glacial Breath, Begin Untransformation, Renounce Religion, Draw Out Power,
Power Leap, Apocalypse


You were in an ice cave.
You worshipped Ru.
Ru was exalted by your worship.
You were something dangerously unstable.
You visited 1 branch of the dungeon, and saw 11 of its levels.
You also visited: Ice Cave.

You collected 675 gold pieces.

Inventory:

Missiles
 w - a throwing net (quivered)
Armour
 g - a +0 pair of boots of stealth (worn)
 D - a +0 cloak (worn)
 F - a +0 pair of gloves (worn)
Jewellery
 i - a +5 ring of evasion (left hand)
 k - a ring of see invisible
 r - an amulet of faith
 C - the amulet "Aqeg" (around neck) {Spirit rCorr Str+2}
   (You found it on level 8 of the Dungeon)

   [amulet of guardian spirit]

   Spirit:    It causes incoming damage to be divided between your reserves of
   health and magic.
   Str+2:     It affects your strength (+2).
   rCorr:     It protects you from acid and corrosion.
 E - a ring of willpower (right hand)
Talismans
 b - a beast talisman
 c - a flux talisman (active)
Wands
 x - a wand of mindburst (17)
 z - a wand of charming (5)
 G - a wand of polymorph (5)
 I - a wand of acid (6)
Scrolls
 e - 6 scrolls of teleportation
 h - 2 scrolls of enchant weapon
 l - 4 scrolls of immolation
 m - a scroll of blinking
 o - 3 scrolls of fog
 q - 3 scrolls of summoning
 s - a scroll of revelation {unknown}
 u - 2 scrolls of vulnerability
 v - a scroll of amnesia
 y - 2 scrolls of poison
 A - a scroll of fear
 H - a scroll of torment {unknown}
Potions
 a - 2 potions of lignification
 d - 2 potions of cancellation
 f - 4 potions of brilliance
 j - 2 potions of heal wounds
 n - a potion of berserk rage
 p - 8 potions of curing
 t - 4 potions of enlightenment
 B - a potion of haste {unknown}
Miscellaneous
 J - a condenser vane


   Skills:
 + Level 9.7 Fighting
 + Level 9.0 Dodging
 - Level 7.0 Unarmed Combat
 - Level 5.0 Evocations
 - Level 10.0 Shapeshifting


You had 10 spell levels left.
You didn't know any spells.
Your spell library contained the following spells:

 Spells                   Type           Power      Damage    Failure   Level
 Apportation              Tloc           0%         N/A       36%         1
 Jinxbite                 Hex            0%         N/A       50%         2
 Confusing Touch          Hex            0%         N/A       75%         3
 Sigil of Binding         Hex            0%         N/A       75%         3
 Cause Fear               Hex            0%         N/A       98%         4
 Dimensional Bullseye     Hex/Tloc       0%         N/A       98%         4
 Dispel Undead            Necr           0%         3d6       98%         4
 Kiss of Death            Conj/Necr      Unusable   2d5       N/A         1
 Call Canine Familiar     Summ           Unusable   N/A       N/A         3
 Alistair's Intoxication  Alch           Unusable   N/A       N/A         5
 Fireball                 Conj/Fire      Unusable   3d3       N/A         5
 Dragon's Call            Summ           Unusable   N/A       N/A         9

Dungeon Overview and Level Annotations

Branches:
Dungeon (11/15) Zot: 26522  Temple (0/1) D:5            Lair (0/5) D:10
  IceCv (1/1) Zot: 5223
    Orc: D:9-12

Altars:
Cheibriados
Dithmenos
Gozag
Kikubaaqudgha
Nemelex Xobeh
Ru
Sif Muna
Wu Jian
Xom

Shops:
D:7 :   D:10 *

Portals:
Trove: D:10 (show slimy rune of Zot)

Annotations:
D:8 2 transporters, Ahpoh's ghost, novice CoGl
D:9 1 runed translucent door, pigah's ghost, journeyman CoGl


Innate Abilities, Weirdness & Mutations

You are something dangerously unstable.
You glow with magical radiation, making you easy to see and hit.
Foes you strike become dangerously contaminated with magical radiation.
You are incapable of wielding weapons or throwing items.
You can breathe waves of cold which freeze foes solid.
Your icy white scales are hard. (AC +7)
You cannot fit into any form of body armour.
Your flesh is cold resistant. (rC+)
You are cold-blooded and may be slowed by cold attacks.
You sometimes lose the ability to drink potions when taking damage.
You are hated by all.
You cannot study or cast Conjurations magic.
You cannot study or cast Ice magic.
You cannot study or cast Alchemy magic.
You are sensitive to extremes of temperature. (rF-, rC-)


Message History

The slime creature hits you but does no damage.
The great orb of eyes simulacrum misses you.
You hit the slime creature.
The slime creature shudders as magic cascades through it!!
The slime creature twists and deforms.
The slime creature is severely wounded.
The slime creature is stunned by your conviction and fails to attack.
The great orb of eyes simulacrum bites you.
The great orb of eyes simulacrum freezes you!!
You feel yourself slow down.
* * * LOW HITPOINT WARNING * * *
You take 33 damage, and have 18/97 hp.
Youch!!
You now have 2/11 mp.
You punch the slime creature!
The slime creature begins to glow.
The slime creature is almost dead.
The slime creature misses you.
The great orb of eyes simulacrum completely misses you.
You completely miss the slime creature. You tail-slap the slime creature.
The slime creature is almost dead.
You feel yourself speed up. The slime creature closely misses you.
The great orb of eyes simulacrum misses you.
The slime creature misses you.
You punch the slime creature!
You kill the slime creature!
The great orb of eyes simulacrum completely misses you.
Your Dodging skill increases to level 9!
You hit the great orb of eyes simulacrum.
The great orb of eyes simulacrum begins to glow.
You tail-slap the great orb of eyes simulacrum, but do no damage.
The great orb of eyes simulacrum is lightly damaged.
You hit the great orb of eyes simulacrum.
The great orb of eyes simulacrum glows dangerously bright.
The great orb of eyes simulacrum is moderately damaged.
You can drink potions again.
The great orb of eyes simulacrum bites you.
* * * LOW HITPOINT WARNING * * *
The great orb of eyes simulacrum freezes you!!
You feel yourself slow down.
You die...
Ru respects your ultimate sacrifice.

#..#..##..##...#
##.##..##..###..#
#..#...#..##
#..## ...#..##..#
##..#
#..#..##..## #..#
##.##..#...# #..#
#..#..##..####..#
#..##..#....##..#
##.##..##...##.p#
#..#.|)#...##Z..#
#..##[.##..##...#
##..##.##..##....
#...####..##....#
##...##...###...#
##..#....# ##...
#.......# ....
#......##


You could see a great orb of eyes simulacrum (heavy contam).

Vanquished Creatures
  A quicksilver ooze (IceCv)
  A two-headed ogre (D:10)
  A boulder beetle (D:11)
  Maurice (D:11)
  An ice statue (IceCv)
  An unseen horror (D:9)
  A komodo dragon (D:10)
  A troll (D:11)
  A hornet (D:6)
  3 slime creatures (IceCv)
  A wyvern (D:7)
  13 yaks
  A shadow (D:9)
  3 vampire mosquitoes (D:11)
  A steam dragon (D:8)
  2 water moccasins (D:9)
  2 great orb of eyes simulacra (IceCv)
  2 orc warriors
  2 black bears
  3 sky beasts
  A centaur (D:9)
  3 ogres (D:4)
  3 phantoms
  2 kobold brigands
  4 bullfrogs
  2 gnoll sergeants
  A glowing shapeshifter simulacrum (IceCv)
  3 scorpions
  9 wights (D:8)
  10 killer bees
  An electric eel (D:10)
  2 howler monkeys
  A bombardier beetle (D:5)
  2 jellies
  5 orc priests
  A hound (D:4)
  An iguana (D:6)
  A sleepcap (D:5)
  Terence (D:3)
  11 orc wizards
  A shapeshifter simulacrum (IceCv)
  13 gnolls
  8 adders
  3 white imps
  A dart slug (D:1)
  3 ribbon worms
  29 orcs
  8 endoplasms
  4 giant cockroaches
  5 goblins
  8 hobgoblins
  2 jackals (D:1)
  20 kobolds
  2 quokkas
  7 ball pythons
  9 bats
  3 frilled lizards
  8 rats
240 creatures vanquished.

Vanquished Creatures (others)
  A quicksilver ooze (IceCv)
  A vampire mosquito (D:11)
2 creatures vanquished.

Grand Total: 242 creatures vanquished

Notes
Turn   | Place    | Note
-------+----------+-------------------------------------------
     0 | D:1      | hattop the Draconian Shapeshifter began the quest for the
                  | Orb.
     0 | D:1      | Reached XP level 1. HP: 16/16 MP: 1/1
   101 | D:1      | Reached XP level 2. HP: 15/23 MP: 2/2
   331 | D:1      | Reached skill level 4 in Shapeshifting
   390 | D:1      | Reached XP level 3. HP: 22/28 MP: 3/3
  1136 | D:2      | Reached XP level 4. HP: 33/35 MP: 4/4
  1185 | D:2      | Reached skill level 5 in Shapeshifting
  1489 | D:3      | Reached XP level 5. HP: 39/40 MP: 5/5
  1775 | D:3      | Noticed Terence
  1789 | D:3      | Killed Terence
  1837 | D:3      | Reached skill level 6 in Shapeshifting
  2262 | D:4      | Reached XP level 6. HP: 17/47 MP: 6/6
  2507 | D:4      | Reached skill level 7 in Shapeshifting
  2598 | D:4      | Found a shadowy altar of Dithmenos.
  2603 | D:4      | Found a sacrificial altar of Ru.
  2603 | D:4      | Found a shimmering altar of Xom.
  2626 | D:4      | Found a basalt altar of Yredelemnul.
  2629 | D:4      | Found a snail-covered altar of Cheibriados.
  2644 | D:4      | Became a worshipper of Ru the Awakened
  2861 | D:4      | Your scales start taking on an icy white colour.
  2861 | D:4      | Reached XP level 7. HP: 57/57 MP: 7/7
  2861 | D:4      | Gained mutation: Your flesh is cold resistant. (rC+) [White
                  | Draconian growth]
  3431 | D:5      | Entered Level 5 of the Dungeon
  3472 | D:4      | Reached skill level 5 in Fighting
  3701 | D:5      | Reached XP level 8. HP: 68/68 MP: 8/8
  3762 | D:5      | Gained mutation: You cannot study or cast Ice magic. [Ru
                  | sacrifice]
  3762 | D:5      | Gained mutation: You cannot study or cast Alchemy magic.
                  | [Ru sacrifice]
  3762 | D:5      | Gained mutation: You cannot study or cast Conjurations
                  | magic. [Ru sacrifice]
  3762 | D:5      | Reached * piety under Ru
  3970 | D:5      | Found a staircase to the Ecumenical Temple.
  4264 | D:6      | Reached skill level 5 in Dodging
  4497 | D:6      | Reached skill level 5 in Unarmed Combat
  4566 | D:6      | You fall into a shaft and drop 2 floors!
  4582 | D:8      | Found a transporter.
  4592 | D:8      | Noticed Ahpoh's ghost (novice CoGl)
  4608 | D:8      | Found a transporter.
  5308 | D:6      | Noticed a hornet
  5318 | D:6      | Killed a hornet
  5377 | D:6      | Reached XP level 9. HP: 61/74 MP: 9/9
  5797 | D:7      | Found Qiaruz's Tremendous Tomes.
  5843 | D:7      | Gained mutation: You occasionally lose the ability to drink
                  | potions when taking damage. [Ru sacrifice]
  5843 | D:7      | Gained mutation: You sometimes lose the ability to drink
                  | potions when taking damage. [Ru sacrifice]
  5843 | D:7      | Reached ** piety under Ru
  5975 | D:7      | Reached skill level 8 in Shapeshifting
  6248 | D:7      | Found an ornate altar of the Wu Jian Council.
  6692 | D:8      | Reached skill level 9 in Shapeshifting
  6861 | D:8      | Identified the amulet "Aqeg" {Spirit rCorr Str+2}
  7623 | D:9      | Found an opulent altar of Gozag.
  7623 | D:9      | Found an ancient bone altar of Kikubaaqudgha.
  7654 | D:9      | Noticed an unseen horror
  7670 | D:9      | Killed an unseen horror
  7671 | D:9      | Reached skill level 10 in Shapeshifting
  7990 | D:9      | Reached XP level 10. HP: 73/83 MP: 8/10
  8020 | D:9      | Noticed pigah's ghost (journeyman CoGl)
  8043 | D:9      | Found a runed translucent door.
  8113 | D:9      | Gained mutation: You are sensitive to extremes of
                  | temperature. (rF-, rC-) [Ru sacrifice]
  8113 | D:9      | Reached *** piety under Ru
  8113 | D:9      | Reached **** piety under Ru
  8113 | D:9      | Reached ***** piety under Ru
  8135 | D:9      | Found a sparkling altar of Nemelex Xobeh.
  8392 | D:9      | Found a shimmering blue altar of Sif Muna.
  8669 | D:10     | Entered Level 10 of the Dungeon
  9061 | D:10     | Found a staircase to the Lair.
  9086 | D:10     | Reached skill level 1 in Evocations
  9466 | D:10     | Found Tagrok's Assorted Antiques.
  9489 | D:10     | Noticed a two-headed ogre
  9496 | D:10     | Killed a two-headed ogre
  9497 | D:10     | Reached skill level 5 in Evocations
  9892 | D:10     | Found a portal to a secret trove of treasure.
 10459 | D:11     | Reached XP level 11. HP: 80/94 MP: 8/11
 10475 | D:11     | Gained mutation: You are hated by all. [Ru sacrifice]
 10475 | D:11     | Reached ****** piety under Ru
 10561 | D:11     | Noticed Maurice
 10577 | D:11     | Noticed a boulder beetle
 10578 | D:11     | Killed Maurice
 10597 | D:11     | Killed a boulder beetle
 10719 | D:11     | Found a frozen archway.
 10728 | IceCv    | Entered an ice cave
 11186 | IceCv    | Noticed a quicksilver ooze
 11201 | IceCv    | Killed a quicksilver ooze
 11403 | IceCv    | Noticed a quicksilver ooze
 11412 | IceCv    | Killed a quicksilver ooze
 11504 | IceCv    | Mangled by a great orb of eyes simulacrum

Illustrated notes

Levels and vault maps discovered:
D:1:      minmay_arrival_doors, layout_loops_cross, chequers_decorated_corner,
          minmay_misc_feat_four_crosses, due_unseen_surprise
D:2:      layout_rooms
D:3:      layout_loops_ring, uniq_terence
D:4:      minmay_wonky_spiral, layout_loops_ring,
          minmay_overflow_temple_star_hex, grunt_tough_drop
D:5:      layout_cave_pools, minmay_temple_entry_antechambers
D:6:      layout_basic, nrook_mini_vaults
D:7:      layout_loops_corners, mainiacjoe_overflow_surrounded_room,
          nicolae_shop_i_like_big_books
D:8:      layout_loops_corners, gammafunk_ghost_stat_death
D:9:      layout_long_grid, lemuel_doored_altar,
          gammafunk_temple_overflow_elements, mainiacjoe_overflow_chevrons,
          hellmonk_ghost_big_iron
D:10:     layout_stronghold, lair_entry_dummy, serial_shops,
          nicolae_shop_back_alley_shop, enter_trove_3, fungi_pond_lemuel
D:11:     layout_roguey, portal_ice_cave_entry_pillars_1,
          nicolae_ru_the_path_less_chosen, uniq_maurice, uniq_fannar
IceCv:    ice_cave_hellmonk_azure_passage

Skill      XL: |  1  2  3  4  5  6  7  8  9 10 11 |
---------------+----------------------------------+-----
Shapeshifting  | 4 5 6 7 10 | 10.0
Fighting       | 3 5 8 9 |  9.7
Dodging        | 4 5 7 9 |  9.0
Unarmed Combat | 7 |  7.0
Evocations     | 5 |  5.0

Action                     |  1- 3 |  4- 6 |  7- 9 | 10-12 || total
---------------------------+-------+-------+-------+-------++-------
  Melee: Unarmed           |   121 |   130 |   409 |   309 ||   969
         Tailslap          |     9 |    14 |    70 |    62 ||   155
         Punch             |     1 |     1 |       |       ||     2
 Invoke: Sacrifice Arcana  |       |       |     1 |       ||     1
         Sacrifice Drink   |       |       |     1 |       ||     1
         Power Leap        |       |       |       |     2 ||     2
         Sacrifice Resista |       |       |       |     1 ||     1
         Sacrifice Love    |       |       |       |     1 ||     1
Ability: Glacial Breath    |       |       |     2 |     1 ||     3
    Use: Scroll            |     3 |     1 |     8 |     5 ||    17
         Potion            |       |       |       |     1 ||     1
   Stab: Invisible         |       |       |       |     3 ||     3
         Distracted        |       |       |       |     2 ||     2
         Paralysed         |       |       |       |     1 ||     1
 Armour: Skin              |    60 |    47 |   142 |    99 ||   348
  Dodge: Dodged            |    68 |    85 |   430 |   290 ||   873
   Form: Flux              |       |     1 |       |       ||     1

Table legend: (Time is in decaauts)
 A = Elapsed time spent in this place.
 B = Non-inter-level travel time spent in this place.
 C = Inter-level travel time spent in this place.
 D = Time resting spent in this place.
 E = Time spent auto-exploring this place.
 F = Levels seen in this place.
 G = Mean time per level.
                   A        B        C        D        E       F      G
               +--------+--------+--------+--------+--------+-----+--------+
         Total |  11430 |  10975 |    455 |    297 |   8974 |  12 |  952.5 |
       Dungeon |  10655 |  10200 |    455 |    228 |   8362 |  11 |  968.6 |
      Ice Cave |    775 |    775 |      0 |     69 |    612 |   1 |  775.0 |
               +--------+--------+--------+--------+--------+-----+--------+

Top non-repeatable levels by time:
    D:10: 1555 daAuts
     D:8: 1449 daAuts
     D:4: 1343 daAuts
     D:6: 1113 daAuts
     D:7: 978 daAuts
     D:9: 923 daAuts
     D:1: 869 daAuts
     D:3: 788 daAuts
   IceCv: 775 daAuts
     D:5: 602 daAuts
     D:2: 554 daAuts
    D:11: 477 daAuts
